 Dungeon Crawl Stone Soup version 0.23-a0-315-ga85b81c (webtiles) character file.

55 Garbasso the Chopper (level 3, -3/33 HPs)
             Began as a Hill Orc Monk on Oct 13, 2018.
             Killed from afar by Natasha (9 damage)
             ... with a wand of flame (36)
             ... on level 2 of the Dungeon.
             The game lasted 00:02:57 (1948 turns).

Garbasso the Chopper (Hill Orc Monk)                Turns: 1948, Time: 00:02:58

Health: -3/33      AC:  2    Str: 14    XL:     3   Next: 93%
Magic:  3/3        EV: 13    Int: 10    God:
Gold:   115        SH:  0    Dex: 13    Spells: 2/2 levels left

rFire    . . .     SeeInvis .   a - +0 hand axe
rCold    . . .     Gourm    .   (no shield)
rNeg     . . .     Faith    .   b - +0 robe
rPois    .         Spirit   .   (no helmet)
rElec    .         Reflect  .   (no cloak)
rCorr    .         Harm     .   (no gloves)
MR       .....                  (no boots)
Stlth    ++........             (no amulet)
HPRegen  0.11/turn              (no ring)
MPRegen  0.08/turn              (no ring)

@: slowed, very slow
A: no striking features
a: no special abilities


You were on level 2 of the Dungeon.
You were not hungry.

You visited 1 branch of the dungeon, and saw 2 of its levels.

You collected 115 gold pieces.

Inventory:

Hand Weapons
 a - a +0 hand axe (weapon)
Armour
 b - a +0 robe (worn)
Jewellery
 j - a cursed +6 ring of dexterity {unknown}
Scrolls
 d - a scroll of enchant armour {unknown}
 e - a scroll of teleportation {unknown}
 g - 2 scrolls of identify {unknown}
 h - a scroll of remove curse {unknown}
 i - a scroll of enchant weapon {unknown}
 k - a scroll of immolation {unknown}
Potions
 f - a potion of flight {unknown}
Comestibles
 c - 3 rations


   Skills:
 + Level 4.2 Fighting
 * Level 5.3 Axes
 - Level 2.4 Dodging
 + Level 2.2 Stealth


You had 2 spell levels left.
You didn't know any spells.
Your spell library was empty.

Dungeon Overview and Level Annotations

Branches:
Dungeon (2/15)

Altars:

Annotations:
D:2 Natasha


Message History

Natasha claws you! x2
You are too injured to fight recklessly!
You hit Natasha.
Natasha is moderately wounded.
Natasha zaps a wand.
The puff of flame misses you.
It is a wand of flame (39).
You hit Natasha.
Natasha is heavily wounded.
Natasha zaps a wand.
The puff of flame hits you!
Natasha zaps a wand.
The puff of flame misses you.
You hit Natasha but do no damage.
Natasha is heavily wounded.
Natasha zaps a wand.
The puff of flame hits you!
* * * LOW HITPOINT WARNING * * *
You hit Natasha.
Natasha is severely wounded.
Natasha closely misses you. x2
You barely miss Natasha.
Natasha is severely wounded.
Natasha zaps a wand.
The puff of flame hits you!
You die...

#######..................#####.
#................##..#.#.####..
#.#####......######..#.#.......
#.# #......## #..#.######..
###.#####.#.#.#.#####......#
##.
...........#...........#.#.# #.
###.#####.#..###.#.###.#.#.# #.
#.# #.....# #.# # #.#.#.#####.
#.# #.##..# #@#.###....))(....
#.# #.##.(.5h.#..)..###.#####.
#.# #.###.#########.###.# ##
#.# ##.###.....#......##.#
#.###...##.###.#.###.....#
#..........# #.#.# #.#####
#####...#..###.#.###.#
######...........#
#############


You could see Natasha and a crimson imp.

Vanquished Creatures
  An adder (D:2)
  A worm (D:2)
  A giant cockroach (D:1)
  7 goblins
  5 hobgoblins
  8 jackals (D:1)
  A ball python (D:1)
  7 bats
  4 kobolds
  6 rats
41 creatures vanquished.

Notes
Turn   | Place    | Note
-------+----------+-------------------------------------------
     0 | D:1      | Garbasso the Hill Orc Monk began the quest for the Orb.
     0 | D:1      | Reached XP level 1. HP: 19/19 MP: 1/1
   145 | D:1      | Reached XP level 2. HP: 15/27 MP: 2/2
   755 | D:1      | Reached XP level 3. HP: 30/33 MP: 3/3
  1052 | D:1      | Reached skill level 5 in Axes
  1869 | D:2      | Noticed Natasha
  1948 | D:2      | Killed from afar by Natasha

Vault maps used:
D:1:      dpeg_arrival_stone_temple_mockup, st_stairs_8
D:2:      gammafunk_temple_overflow_pools, nrook_uturn, minmay_misc_feat_cross,
          uniq_natasha

Skill      XL: |  1  2  3 |
---------------+----------+-----
Stealth        | 2 |  2.2
Fighting       | 4 |  4.2
Axes           | 5 |  5.3
Dodging        | |  2.4

Action                   || total
-------------------------++-------
Melee: Hand axe          ||   136
 Stab: Sleeping          ||     3
  Eat: Chunk             ||     3
Armor: Robe              ||    17
Dodge: Dodged            ||    99

Table legend:
 A = Non-vault XP
 B = Vault XP
 C = Vault XP percentage of total XP
 D = Non-vault monster count
 E = Vault monster count
 F = Vault count percentage of total count
                 A         B        C        D         E       F
            +---------+---------+-------+---------+---------+-------
      Total |      78 |       1 |   1.3 |      40 |       1 |   2.4
            +---------+---------+-------+---------+---------+-------
        D:1 |      47 |       1 |   2.1 |      30 |       1 |   3.2
        D:2 |      31 |       0 |   0.0 |      10 |       0 |   0.0
            +---------+---------+-------+---------+---------+-------
